Map: Orbitalwerft

Players

Xid

  • Race: Terran Terran
  • League: Silver

K.I.-1 (Sehr schwer) - Winner!

  • Race: Protoss Protoss

VOD

Have the link to the VOD?

Description

Time

  • Played on: Feb. 7, 2016, 12:43 p.m.
  • Length: 10:23
Show
View Real Time Build Order
Export as new Build Order

Xid Terran 

Build Orders: MMM Bio 

Get SALT Encoding   

  12  0:01  SCV  
  13  0:13  SCV  
  14  0:22  Supply Depot  
  14  0:25  SCV  
  15  0:44  SCV  
  15  0:47  Barracks  
  16  0:56  SCV  
  17  1:03  Refinery  
  17  1:08  SCV  
  18  1:12  Supply Depot  
  18  1:20  SCV  
  18  1:22  Barracks  
  19  1:32  SCV  
  20  1:35  Marine  
  21  1:44  SCV, Barracks  
  23  1:57  Supply Depot  
  23  2:06  Barracks Tech Lab  
  22  2:09  Orbital Command  
  22  2:21  Supply Depot  
  22  2:25  Marine x2  
  24  2:40  SCV  
  24  2:43  Marine x2  
  27  2:46  Barracks  
  27  2:51  Barracks  
  27  2:56  Marine  
  28  3:00  Marine  
  28  3:01  Marine  
  28  3:04  Supply Depot  
  30  3:09  Stimpack  
  30  3:14  Marine  
  31  3:31  Command Center  
  31  3:34  SCV  
  32  3:41  Supply Depot  
  32  3:46  SCV  
  32  3:47  Marine x2  
  35  3:49  Marine  
  36  4:00  Barracks  
  36  4:10  SCV, Barracks  
  37  4:17  Supply Depot  
  37  4:22  SCV  
  37  4:23  Barracks Reactor  
  38  4:25  Barracks Reactor  
  38  4:34  SCV  
  38  4:35  Marine  
  40  4:40  Marine x2  
  42  4:47  SCV  
  43  4:52  Orbital Command  
  43  4:53  Marine  
  43  4:57  Marine  
  43  4:59  Marine x2, SCV  
  46  5:01  Marine  
  49  5:10  Combat Shields  
  49  5:11  SCV  
  49  5:12  Engineering Bay  
  50  5:23  Marine x3  
  50  5:24  Marine x2  
  50  5:28  SCV  
  56  5:34  SCV  
  57  5:39  Engineering Bay  
  57  5:40  SCV  
  58  5:44  Terran Infantry Weapons Level 1  
  58  5:46  SCV  
  58  5:49  Barracks  
  59  5:52  SCV  
  59  5:55  Barracks Tech Lab  
  60  5:59  Supply Depot, SCV  
  61  6:04  SCV  
  61  6:11  SCV  
  63  6:16  Marine x4, SCV  
  63  6:17  Marine  
  69  6:19  Marine  
  69  6:20  Marine  
  69  6:23  Command Center  
  69  6:25  Supply Depot  
  71  6:28  SCV, Barracks  
  71  6:29  Concussive Shells  
  72  6:38  Marine  
  73  6:40  SCV  
  73  6:42  SCV  
  75  6:48  Marine x4  
  75  6:49  Marine  
  75  6:52  SCV  
  75  6:54  SCV  
  82  6:55  Marine  
  82  7:00  Marine x3  
  86  7:04  SCV  
  86  7:06  Marine x4, SCV  
  86  7:07  Marine  
  93  7:15  Marine  
  94  7:16  SCV  
  94  7:17  Marine x2  
  94  7:18  Marine, SCV  
  94  7:20  Terran Infantry Armor Level 1  
  99  7:23  Marine  
  99  7:24  Marine x2  
  102  7:34  Supply Depot x2, Marine x3, SCV x2  
  102  7:35  Supply Depot  
  102  7:36  Supply Depot  
  107  7:42  Supply Depot  
  107  7:51  Marine  
  107  7:52  Marine x8  
  116  8:02  Factory  
  116  8:09  Marine  
  116  8:10  Marine x8  
  125  8:25  Marine  
  125  8:26  Marine  
  127  8:27  Marine x6  
  127  8:28  Marine x3  
  127  8:29  SCV  
  137  8:38  Supply Depot  
  137  8:40  Barracks  
  138  8:41  SCV  
  138  8:43  Marine, Barracks  
  138  8:44  Marine  
  138  8:45  Marine x6  
  146  8:48  Marine  
  146  8:49  Marine x2  
  146  8:53  SCV  
  141  9:01  Marine x2  
  111  9:03  Marine x2  
  111  9:09  Marine  
  93  9:10  Marine x6  
  99  9:19  Marine x2  
  99  9:20  Marine  
  99  9:21  Armory, Marine  
  103  9:27  Marine x4  
  107  9:33  Refinery  
  107  9:35  Supply Depot  
  107  9:36  SCV  
  108  9:48  SCV  
  108  9:51  Marine x11  
  108  9:52  Marine x2  
  108  10:00  SCV, Command Center  
Show
View Real Time Build Order
Export as new Build Order

K.I.-1 (Sehr schwer) Protoss - Winner!

Build Orders:  

Get SALT Encoding   

  12  0:01  Probe (Chrono Boost)  
  13  0:11  Probe (Chrono Boost)  
  14  0:20  Pylon  
  14  0:22  Probe (Chrono Boost)  
  15  0:38  Probe (Chrono Boost)  
  16  0:47  Assimilator  
  16  0:49  Probe (Chrono Boost), Gateway  
  17  0:59  Probe (Chrono Boost)  
  17  1:00  Pylon  
  18  1:10  Probe (Chrono Boost)  
  19  1:20  Probe (Chrono Boost)  
  20  1:31  Probe (Chrono Boost)  
  21  1:36  Zealot  
  23  1:42  Probe (Chrono Boost)  
  23  1:45  Nexus  
  25  1:54  Probe (Chrono Boost)  
  25  2:02  Cybernetics Core  
  25  2:12  Gateway  
  25  2:20  Pylon, Zealot  
  27  2:26  Probe (Chrono Boost)  
  28  2:34  Warp Gate  
  29  2:37  Probe (Chrono Boost)  
  29  2:38  Assimilator  
  29  2:46  Adept  
  29  2:49  Probe (Chrono Boost)  
  32  2:57  Adept  
  32  2:59  Probe (Chrono Boost)  
  32  3:03  Pylon  
  36  3:06  Probe (Chrono Boost)  
  36  3:12  Adept  
  38  3:22  Stalker  
  38  3:23  Probe (Chrono Boost)  
  38  3:26  Probe (Chrono Boost)  
  43  3:34  Probe (Chrono Boost)  
  43  3:37  Probe (Chrono Boost)  
  43  3:40  Robotics Facility  
  44  3:45  Probe (Chrono Boost)  
  44  3:46  Adept  
  48  3:49  Probe (Chrono Boost)  
  48  3:55  Adept  
  48  3:58  Probe (Chrono Boost)  
  48  4:00  Probe (Chrono Boost)  
  52  4:07  Pylon  
  52  4:08  Probe (Chrono Boost)  
  53  4:12  Probe (Chrono Boost)  
  54  4:20  Probe (Chrono Boost)  
  54  4:21  Stalker  
  54  4:24  Probe (Chrono Boost)  
  58  4:26  Immortal  
  58  4:28  Pylon  
  63  4:31  Probe (Chrono Boost)  
  63  4:35  Probe (Chrono Boost)  
  63  4:36  Stalker  
  66  4:43  Probe (Chrono Boost)  
  68  4:46  Probe (Chrono Boost), Robotics Facility  
  68  4:58  Stalker, Probe (Chrono Boost)  
  72  5:00  Probe (Chrono Boost)  
  72  5:02  Immortal  
  72  5:05  Pylon  
  76  5:10  Pylon  
  76  5:13  Stalker  
  78  5:23  Stalker  
  78  5:24  Probe (Chrono Boost)  
  78  5:25  Probe (Chrono Boost)  
  78  5:27  Assimilator  
  82  5:30  Gateway  
  82  5:35  Sentry  
  84  5:36  Pylon  
  84  5:39  Assimilator  
  84  5:45  Stalker  
  87  5:50  Probe (Chrono Boost)  
  87  5:56  Sentry, Pylon  
  89  6:02  Probe x2 (Chrono Boost)  
  91  6:05  Zealot  
  93  6:13  Probe (Chrono Boost)  
  93  6:18  Pylon, Zealot  
  96  6:22  Robotics Bay  
  96  6:24  Stalker  
  98  6:31  Forge  
  98  6:36  Forge  
  98  6:39  Pylon  
  98  6:47  Sentry, Gateway  
  98  6:53  Zealot  
  102  6:59  Protoss Ground Armor Level 1  
  102  7:02  Protoss Ground Weapons Level 1  
  102  7:05  Nexus  
  102  7:06  Photon Cannon  
  102  7:07  Colossus  
  102  7:09  Pylon  
  102  7:12  Observer  
  109  7:28  Colossus  
  109  7:29  Photon Cannon  
  109  7:34  Photon Cannon  
  115  7:37  Photon Cannon  
  115  7:57  Pylon  
  115  7:58  Warp Prism  
  115  8:00  Gateway  
  117  8:10  Stalker  
  119  8:14  Photon Cannon  
  119  8:15  Stalker  
  119  8:18  Probe x2 (Chrono Boost)  
  119  8:19  Probe (Chrono Boost)  
  124  8:21  Disruptor  
  127  8:28  Extended Thermal Lance  
  127  8:29  Assimilator, Pylon  
  127  8:30  Probe x2 (Chrono Boost)  
  127  8:31  Probe (Chrono Boost), Assimilator  
  127  8:32  Colossus  
  137  8:41  Probe (Chrono Boost)  
  137  8:42  Probe (Chrono Boost)  
  137  8:43  Probe (Chrono Boost)  
  138  8:49  Photon Cannon  
  138  8:50  Zealot  
  138  8:52  Probe (Chrono Boost)  
  138  8:54  Probe x2 (Chrono Boost), Disruptor  
  137  8:56  Zealot  
  137  8:59  Zealot  
  137  9:00  Sentry  
  136  9:04  Probe (Chrono Boost)  
  136  9:06  Probe (Chrono Boost), Pylon  
  136  9:07  Probe (Chrono Boost)  
  139  9:16  Probe (Chrono Boost)  
  140  9:18  Zealot  
  140  9:20  Colossus  
  142  9:27  Warp Prism  
  142  9:28  Photon Cannon  
  150  9:31  Photon Cannon  
  150  9:48  Photon Cannon  
  150  9:53  Photon Cannon, Nexus  
  150  9:59  Gateway  
  150  10:01  Observer  
  152  10:19  Zealot  
Tags
 
Composition
MMM Bio
League
Silver
Matchup
PvT
Add a new tag
Caveats
  • Supply blocks, unpowered buildings, or Contaminate may cause inaccurate times.
  • Supply counts are checked every 10 seconds.